 Dungeon Crawl Stone Soup version 0.26.1-2-gb8aa6d0cf2 (webtiles) character file.

Game seed: 11437197491864099945

252 olmar the Cudgeller (level 6, -2/57 HPs)
             Began as a Naga Monk on Mar 30, 2021.
             Slain by an ogre
             ... wielding a cursed -1 giant spiked club
              (28 damage)
             ... on level 4 of the Dungeon.
             The game lasted 00:06:42 (4076 turns).

olmar the Cudgeller (Naga Monk)                     Turns: 4076, Time: 00:06:43

Health: -2/57      AC:  4    Str: 13 (15) XL:     6   Next: 13%
Magic:  6/6        EV: 11    Int: 11      God:
Gold:   186        SH:  0    Dex: 12 (13) Spells: 5/5 levels left

rFire    . . .     SeeInvis +   c - +3 quarterstaff (chaos)
rCold    . . .     Faith    .   (shield currently unavailable)
rNeg     . . .     Spirit   .   b - +0 robe
rPois    +         Reflect  .   (no helmet)
rElec    .         Harm     .   g - +0 cloak
rCorr    .         Rampage  .   (no gloves)
Will     .....                  (no barding)
Stlth    ++........             e - amulet of magic regeneration
HPRegen  0.19/turn              (no ring)
MPRegen  0.35/turn              (no ring)

@: about to teleport, very slow
A: large, see invisible, deformed body, poison resistance, slowness 2, spit
poison 1, AC +2
a: Spit Poison


You were on level 4 of the Dungeon.
You visited 1 branch of the dungeon, and saw 4 of its levels.

You collected 186 gold pieces.

Inventory:

Hand Weapons
 a - a +0 mace
 c - a +3 quarterstaff of chaos (weapon)
 k - a +1 flail of protection
Armour
 b - a +0 robe (worn)
 g - a +0 cloak (worn)
Jewellery
 e - an amulet of magic regeneration (around neck)
Wands
 r - a wand of iceblast (8)
 u - a wand of random effects (22)
Scrolls
 d - a scroll of identify
 h - a scroll of teleportation
 i - a scroll of enchant armour
 l - a scroll of remove curse
 n - a scroll of immolation {unknown}
 q - a scroll of fog {unknown}
 s - a scroll of noise {unknown}
 t - a scroll of amnesia {unknown}
Potions
 f - a potion of magic
 p - 2 potions of mutation


   Skills:
 + Level 4.0 Fighting
 + Level 4.9 Maces & Flails
 + Level 0.2(3.0) Staves
 + Level 3.5 Dodging
 + Level 3.9 Stealth


You had 5 spell levels left.
You didn't know any spells.
Your spell library was empty.

Dungeon Overview and Level Annotations

Branches:
Dungeon (4/15)
 Temple: D:4-7

Altars:
Dithmenos
Hepliaklqana
Nemelex Xobeh
Xom


Innate Abilities, Weirdness & Mutations

You cannot wear boots.
Your serpentine skin is tough. (AC +2)
You have supernaturally acute eyesight. (SInv)
Armour fits poorly on your strangely shaped body.
Your system is resistant to poisons. (rPois)
You cover ground very slowly.
You can spit poison.


Message History

You sock the quokka skeleton!
You destroy the quokka skeleton!
A quokka comes into view.
The orc barely misses you. x2; The quokka moves out of view.
Unknown command.
You closely miss the orc.
You have got your breath back.
The orc closely misses you. The orc hits you but does no damage.
Unknown command.
You hit the orc.
The orc is almost dead.
Your surroundings suddenly seem different.
An ogre comes into view. It is wielding a -1 giant spiked club.
The ogre shouts!
Found 12 gold pieces and a ring mail.
Unknown command.
As you read the scroll of teleportation, it crumbles to dust.
You feel strangely unstable.
The ogre hits you with a cursed -1 giant spiked club!!
You die...

# ###.........#
#.#
#...##.#o....
..###.....
..#...##
....b....
.#.#ยง..# . ...
b## ....#.....
.. ... ##
###..<..
#.###.####
Z#r..
.##........####
$......@O.....#
.[.....#.......
....##. .......
... ## .......
# .......
....... .......
.#.##.#


You could see an ogre.

Vanquished Creatures
  Crazy Yiuf (D:3)
  3 worker ants (D:4)
  3 gnolls (D:3)
  3 adders
  An adder skeleton (D:4)
  5 worms
  2 dart slugs
  A leopard gecko (D:1)
  4 orcs
  4 giant cockroaches
  2 goblins
  10 hobgoblins
  6 jackals (D:3)
  7 kobolds
  4 quokkas
  A ball python (D:2)
  5 bats
  A frilled lizard (D:3)
  A quokka skeleton (D:4)
  6 rats
70 creatures vanquished.

Notes
Turn   | Place    | Note
-------+----------+-------------------------------------------
     0 | D:1      | olmar the Naga Monk began the quest for the Orb.
     0 | D:1      | Reached XP level 1. HP: 21/21 MP: 1/1
     3 | D:1      | Noticed an electric eel
     4 | D:1      | Noticed an electric eel
   235 | D:1      | Reached XP level 2. HP: 24/28 MP: 2/2
  1173 | D:2      | Found a hazy altar of Hepliaklqana.
  1175 | D:2      | Found a shadowy altar of Dithmenos.
  1175 | D:2      | Noticed a shadow
  1204 | D:2      | Reached XP level 3. HP: 32/34 MP: 3/3
  2104 | D:3      | Reached XP level 4. HP: 20/42 MP: 4/4
  2394 | D:3      | Found a sparkling altar of Nemelex Xobeh.
  2966 | D:3      | Reached XP level 5. HP: 42/50 MP: 5/5
  3094 | D:3      | Found a runed translucent door.
  3095 | D:3      | Noticed Crazy Yiuf
  3216 | D:3      | Found a shimmering altar of Xom.
  3573 | D:3      | HP: 1/48 [Crazy Yiuf/+3 quarterstaff of chaos (2)]
  3577 | D:3      | Killed Crazy Yiuf
  4056 | D:4      | Reached XP level 6. HP: 47/57 MP: 6/6
  4059 | D:4      | Noticed a phantom
  4076 | D:4      | Slain by an ogre

Illustrated notes

Levels and vault maps discovered:
D:1:      arrival_aquarium_b, layout_basic, minmay_misc_feat_hallway
D:2:      layout_basic, riverfiend_overflow_shadow_ancestor,
          grunt_decor_junction
D:3:      layout_basic, general_overflow_altar, grunt_ministairs_15,
          xom_teletrap_fun, uniq_crazy_yiuf_cottage
D:4:      layout_cave_pools, minmay_temple_entry_butterflies, tgw_sif,
          uniq_pikel

Skill      XL: |  1  2  3  4  5 |
---------------+----------------+-----
Dodging        | 3 |  3.5
Maces & Flails | 4 |  4.9
Fighting       | 4 |  4.0
Staves         | |  0.2
Stealth        | |  3.9

Action                   |  1- 3 |  4- 6 || total
-------------------------+-------+-------++-------
Melee: Mace              |    47 |       ||    47
       Flail             |     1 |    62 ||    63
       Quarterstaff      |       |    26 ||    26
 Abil: Spit Poison       |    30 |    26 ||    56
  Use: Scroll            |       |     8 ||     8
       Potion            |       |     5 ||     5
Armor: Robe              |     9 |    22 ||    31
       Skin              |       |     1 ||     1
Dodge: Dodged            |    41 |    59 ||   100
